 Dungeon Crawl Stone Soup version 0.28.0-47-ge53b351184 (webtiles) character file.

Game seed: 7516653043227795588

5138 Kenran the Grappler (level 10, -3/100 HPs)
             Began as a Troll Monk on Apr 30, 2022.
             Was a Priest of Okawaru.
             Slain by a sixfirhy (10 damage)
             ... on level 2 of the Abyss.
             The game lasted 00:19:15 (6726 turns).

Kenran the Grappler (Troll Monk)                    Turns: 6726, Time: 00:19:15

Health: -3/100     AC:  6    Str: 25    XL:     10   Next: 33%
Magic:  11/11      EV: 11    Int:  6    God:    Okawaru [***...]
Gold:   331        SH:  0    Dex: 12    Spells: 9/9 levels left

rFire   . . .      SeeInvis .     - Unarmed
rCold   . . .      Faith    .   (no shield)
rNeg    . . .      Spirit   .   a - +0 robe
rPois   .          Reflect  .   (helmet restricted)
rElec   .          Harm     .   r - +1 cloak
rCorr   .          Rampage  .   (gloves unavailable)
Will    .....                   (boots unavailable)
Stlth   ++........              o - amulet of regeneration
HPRegen 1.86/turn               (no ring)
MPRegen 0.12/turn               (no ring)

@: about to teleport
A: large, unfitting armour, claws 3, regeneration 1, shaggy fur 1, tough skin 1
a: Renounce Religion, Heroism


You were on level 2 of the Abyss.
You worshipped Okawaru.
Okawaru was most pleased with you.
You visited 2 branches of the dungeon, and saw 9 of its levels.
You visited the Abyss 1 time.
You also visited: Ossuary.

You collected 422 gold pieces.
You spent 91 gold pieces at shops.

Inventory:

Missiles
 b - 11 poisoned darts
 c - 7 boomerangs
 g - 4 boomerangs of dispersal
 h - 184 stones (quivered)
 u - 4 atropa-tipped darts
 w - a silver boomerang
 y - a curare-tipped dart
Armour
 a - a +0 robe (worn)
 r - a +1 cloak (worn)
Jewellery
 o - an amulet of regeneration (around neck)
Wands
 l - a wand of iceblast (7)
 m - a wand of acid (13)
 t - a wand of polymorph (10)
 x - a wand of digging (3)
Scrolls
 i - 6 scrolls of magic mapping
 j - 4 scrolls of fog
 k - a scroll of amnesia
 z - a scroll of identify {@r1}
Potions
 d - a potion of flight
 e - 2 potions of brilliance
 n - a potion of haste
 p - a potion of ambrosia
 q - a potion of magic
 s - 2 potions of berserk rage {!q}
 v - 4 potions of might


   Skills:
 + Level 6.5 Fighting
 - Level 4.0 Throwing
 + Level 4.2 Dodging
 - Level 1.0 Stealth
 * Level 11.3 Unarmed Combat
 + Level 3.2 Invocations
 + Level 2.3 Evocations


You had 9 spell levels left.
You didn't know any spells.
Your spell library contained the following spells:

 Spells                   Type           Power      Damage    Failure   Level
 Foxfire                  Conj/Fire      0%         2x1d4     45%         1
 Sting                    Tmut/Pois      0%         1d3       45%         1
 Poisonous Vapours        Pois/Air       0%         N/A       58%         2
 Sublimation of Blood     Necr           0%         N/A       58%         2
 Wereblood                Tmut           0%         N/A       58%         2
 Conjure Flame            Conj/Fire      0%         6-21      83%         3
 Inner Flame              Hex/Fire       0%         N/A       83%         3
 Flame Wave               Conj/Fire      0%         2d4       99%         4
 Olgreb's Toxic Radiance  Pois           0%         N/A       99%         4
 Orb of Destruction       Conj           0%         9d5       100%        7
 Summon Guardian Golem    Hex/Summ       Unusable   N/A       N/A         3
 Spellforged Servitor     Conj/Summ      Unusable   N/A       N/A         7
 Summon Hydra             Summ           Unusable   N/A       N/A         7

Dungeon Overview and Level Annotations

Branches:
Dungeon (8/15)             Temple (1/1) D:5         Ossuary (visited)
   Lair: D:8-11

Altars:
Ashenzari
Dithmenos
Elyvilon
Fedhas
Gozag
Okawaru
Qazlal
Sif Muna

Shops:
D:2 =   D:4 ?

Annotations:
D:1 exclusion: downstairs
D:2 exclusion: downstairs
D:3 2 runed translucent doors, 101zpm's ghost, amateur DjFE
D:6 1 runed translucent door, HatHat's ghost, novice MiBe


Innate Abilities, Weirdness & Mutations

You are too large for most types of armour.
You have claws for hands.
Your natural rate of healing is unusually fast.
You are covered in fur. (AC +1)
You have tough skin. (AC +1)


Message History

The spriggan defender skeleton is almost destroyed.
The spriggan defender skeleton barely misses you.
You mangle the spriggan defender skeleton!!
You destroy the spriggan defender skeleton!
That felt strangely unrewarding.
You start resting.
A thrashing horror comes into view.
The thrashing horror moves out of view.
You start resting.
A thrashing horror is nearby!
A ynoxinul comes into view.
The thrashing horror roars!
A sixfirhy comes into view.
The ynoxinul bellows!
The thrashing horror tramples you.
You stumble backwards!
The ynoxinul gestures.
The thrashing horror tramples you!
You hold your ground!
The thrashing horror tramples you but does no damage.
The sixfirhy hits you! The sixfirhy shocks you!
The sixfirhy barely misses you. x2; The sixfirhy hits you.
The sixfirhy shocks you! The ynoxinul gestures at you. The iron shot hits you!!
As you read the scroll of teleportation, it crumbles to dust.
You feel strangely unstable.
You feel the power of the Abyss delaying your translocation!
The sixfirhy hits you but does no damage.
The sixfirhy misses you. The sixfirhy hits you. The sixfirhy shocks you!
* * * LOW HITPOINT WARNING * * *
The sixfirhy hits you.
* * * LOW HITPOINT WARNING * * *
The sixfirhy shocks you!
* * * LOW HITPOINT WARNING * * *
The sixfirhy completely misses you.
The sixfirhy hits you but does no damage.
A small abomination comes into view.
The sixfirhy hits you!
* * * LOW HITPOINT WARNING * * *
The sixfirhy shocks you!
You die...

#. #.# # . ..# # .# x
#.. ... .#. #.
..#...#. #...# # .
#..#.. .##.#..# .#
####...# #......# . ..
...# ##.##@#..#.. ##.
.###.#..#..#3#...
..... . ##.#....##. #
.... ..#.....#.# .#.
...#.##....3## . ..
###..##.####.## ..
...#..#..#..#.5.ยง....
..#.. ....#.#5#3. # #.
....###... #X.#.....


You could see a sixfirhy.

Vanquished Creatures
  A spriggan skeleton (Abyss:2)
  Grinder (D:3)
  A wyvern (D:8)
  Sigmund (D:2)
  Eustachio (D:4)
  A steam dragon (D:6)
  2 vampire mosquitoes (D:5)
  A water moccasin (D:6)
  4 ice beasts (D:8)
  A sky beast (D:6)
  A black bear (D:6)
  2 necrophages
  4 ogres
  A phantom (D:6)
  4 centaurs
  A kobold brigand (D:8)
  2 bullfrogs
  A wyvern zombie (D:6)
  2 elf skeletons (D:4)
  12 scorpions
  A wyvern skeleton (D:6)
  A water moccasin skeleton (D:6)
  5 wights
  2 howler monkeys
  2 electric eels (D:8)
  2 jellies
  2 human zombies (D:4)
  3 centaur zombies
  A centaur skeleton (D:7)
  A hound (D:5)
  Crazy Yiuf (D:4)
  2 orc priests
  4 scorpion zombies (Ossuary)
  5 iguanas
  Natasha (thrice) (D:4)
  5 orc wizards
  A hound zombie (D:5)
  A hound skeleton (D:5)
  3 mummies (Ossuary)
  Robin (D:2)
  A howler monkey skeleton (D:4)
  7 adders
  A shadow imp (D:7)
  3 white imps (D:8)
  An ufetubus (D:4)
  4 dart slugs
  27 orcs
  10 ball pythons
  4 endoplasms
  A giant cockroach (D:4)
  3 gnoll zombies (Ossuary)
  9 hobgoblins
  3 jackals (D:1)
  17 kobolds
  A quokka (D:3)
  5 bats (D:1)
  2 frilled lizards (D:1)
  7 goblins
  3 goblin zombies (Ossuary)
  3 hobgoblin zombies (Ossuary)
  2 kobold zombies (Ossuary)
  2 orc skeletons (D:4)
  4 orc zombies (Ossuary)
  5 rats
215 creatures vanquished.

Vanquished Creatures (others)
  An orc (D:6)
  A fungus (D:8)
  63 plants
  4 starspawn tentacles (Abyss:2)
69 creatures vanquished.

Grand Total: 284 creatures vanquished

Notes
Turn   | Place    | Note
-------+----------+-------------------------------------------
     0 | D:1      | Kenran the Troll Monk began the quest for the Orb.
     0 | D:1      | Reached XP level 1. HP: 22/22 MP: 0/0
   134 | D:1      | Reached XP level 2. HP: 29/29 MP: 1/1
   620 | D:1      | Reached skill level 4 in Unarmed Combat
   900 | D:2      | Found an opulent altar of Gozag.
   908 | D:2      | Reached XP level 3. HP: 36/36 MP: 2/2
   953 | D:2      | Noticed a scorpion
  1342 | D:2      | Found Vuyl Weu's Jewellery Shoppe.
  1399 | D:2      | Noticed Sigmund
  1403 | D:2      | Killed Sigmund
  1404 | D:2      | Reached skill level 5 in Unarmed Combat
  1404 | D:2      | Reached skill level 1 in Throwing
  1404 | D:2      | Reached XP level 4. HP: 44/44 MP: 3/3
  1404 | D:2      | Reached XP level 5. HP: 52/52 MP: 4/4
  1586 | D:2      | Noticed Robin
  1603 | D:2      | Killed Robin
  1747 | D:3      | Reached XP level 6. HP: 61/61 MP: 5/5
  1752 | D:3      | Reached skill level 6 in Unarmed Combat
  1782 | D:3      | Noticed Grinder
  1797 | D:3      | Paralysed by Grinder for 7 turns
  1844 | D:3      | Found a blossoming altar of Fedhas.
  1907 | D:3      | Found a large runed translucent door.
  1908 | D:3      | Found a large runed translucent door.
  1909 | D:3      | Noticed 101zpm's ghost (amateur DjFE)
  2556 | D:3      | Paralysed by Grinder for 5 turns
  2567 | D:3      | Killed Grinder
  2568 | D:3      | Reached XP level 7. HP: 59/67 MP: 6/6
  2599 | D:4      | Noticed Natasha
  2603 | D:4      | Killed Natasha
  2604 | D:4      | Reached skill level 7 in Unarmed Combat
  2721 | D:4      | Found Ymomn's Magic Scroll Shop.
  2722 | D:4      | Noticed Natasha
  2738 | D:4      | Killed Natasha
  2743 | D:4      | Bought a scroll of identify for 26 gold pieces
  2743 | D:4      | Bought a scroll of identify for 26 gold pieces
  2743 | D:4      | Bought a scroll of teleportation for 39 gold pieces
  2753 | D:4      | Noticed Natasha
  2757 | D:4      | Killed Natasha
  2972 | D:4      | Noticed Eustachio
  2989 | D:4      | Killed Eustachio
  2999 | D:4      | Found a runed translucent door.
  3000 | D:4      | Noticed Crazy Yiuf
  3093 | D:4      | Reached skill level 8 in Unarmed Combat
  3118 | D:4      | Reached XP level 8. HP: 73/78 MP: 7/7
  3140 | D:4      | Found a sand-covered staircase.
  3148 | Ossuary  | Entered an ossuary
  3236 | Ossuary  | Reached skill level 9 in Unarmed Combat
  3695 | D:4      | Killed Crazy Yiuf
  3760 | D:5      | Entered Level 5 of the Dungeon
  3811 | D:5      | Reached skill level 10 in Unarmed Combat
  3811 | D:5      | Reached XP level 9. HP: 18/87 MP: 8/8
  3918 | D:5      | Found a staircase to the Ecumenical Temple.
  3929 | Temple   | Entered the Ecumenical Temple
  3970 | Temple   | Became a worshipper of Warmaster Okawaru
  3970 | Temple   | Reached * piety under Okawaru
  3970 | Temple   | Reached ** piety under Okawaru
  4025 | D:5      | Reached skill level 5 in Fighting
  4736 | D:6      | Reached skill level 1 in Invocations
  4833 | D:6      | Reached skill level 1 in Evocations
  4933 | D:6      | Found a runed translucent door.
  4933 | D:6      | Noticed HatHat's ghost (novice MiBe)
  5008 | D:6      | Reached *** piety under Okawaru
  5650 | D:7      | Reached XP level 10. HP: 82/97 MP: 10/10
  5795 | D:7      | Found a white marble altar of Elyvilon.
  5892 | D:7      | Reached skill level 11 in Unarmed Combat
  6208 | D:8      | Noticed Maurice
  6210 | D:8      | Noticed Maurice
  6210 | D:8      | Maurice changed into Maurice the bullfrog
  6215 | D:8      | Killed Maurice the bullfrog
  6463 | D:8      | Found a stormy altar of Qazlal.
  6466 | D:8      | Cast into level 1 of the Abyss (orc)
  6466 | Abyss:1  | Found a corrupted altar of Lugonu.
  6518 | Abyss:1  | Noticed a starcursed mass
  6581 | Abyss:2  | Found a corrupted altar of Lugonu.
  6632 | Abyss:2  | Noticed a tentacled starspawn
  6633 | Abyss:2  | Noticed a lich
  6642 | Abyss:2  | Noticed a large abomination
  6647 | Abyss:2  | Noticed a starcursed mass
  6650 | Abyss:2  | Noticed a smoke demon
  6653 | Abyss:2  | Noticed a will-o-the-wisp
  6700 | Abyss:2  | Noticed a thrashing horror
  6715 | Abyss:2  | Noticed a sixfirhy
  6726 | Abyss:2  | Slain by a sixfirhy

Illustrated notes

Levels and vault maps discovered:
D:1:      evilmike_arrival_rings, layout_basic, chequers_arboretum,
          grunt_decor_junction
D:2:      layout_loops_ring, basic_altar, serial_shops, nicolae_lakefront_shop,
          uniq_robin, uniq_sigmund
D:3:      layout_basic, fedhas_altar_1, ebering_ghost_disaster_area,
          kennysheep_cross_room, uniq_grinder
D:4:      layout_loops_cross, serial_shops,
          nicolae_shop_competitors_out_of_business,
          nicolae_ossuary_entry_catacombs, uniq_crazy_yiuf_cottage,
          uniq_eustachio, uniq_natasha
D:5:      layout_gridville, minmay_temple_entry_proselytizer
D:6:      layout_cave_pools, ebering_ghost_reflecting_pool,
          hangedman_minor_gate_pass
D:7:      layout_gridville, nicolae_elyvilon_peaceful_grove
D:8:      layout_basic, mainiacjoe_overflow_catch_the_wave, serial_ice,
          serial_ice_o, serial_ice_f, serial_ice_l, serial_ice_n, serial_ice_d,
          serial_ice_e, fungi_pond_lemuel, uniq_maurice
Temple:   dpeg_five_rooms_temple
Abyss:2:  base: D:4, evilmike_abyss_exit_17, bh_abyss_exit_choice

Skill      XL: |  1  2  3  4  5  6  7  8  9 10 |
---------------+-------------------------------+-----
Unarmed Combat | 4 5 6 8 10 11 | 11.3
Throwing       | 1 2 3 4 |  4.0
Fighting       | 3 4 6 |  6.5
Dodging        | 3 4 |  4.2
Invocations    | 2 3 |  3.2
Evocations     | 2 |  2.3
Stealth        | |  1.0

Action                   |  1- 3 |  4- 6 |  7- 9 | 10-12 || total
-------------------------+-------+-------+-------+-------++-------
Melee: Unarmed           |    72 |    98 |   302 |   110 ||   582
       Punch             |     2 |     1 |    13 |     3 ||    19
Throw: Stone             |       |       |    15 |       ||    15
Evoke: Wand              |       |       |       |     2 ||     2
  Use: Scroll            |       |     3 |     8 |     3 ||    14
       Potion            |       |     1 |     5 |       ||     6
 Stab: Sleeping          |     3 |       |     4 |     1 ||     8
       Distracted        |       |     1 |       |       ||     1
Armor: Robe              |    29 |    39 |    77 |    22 ||   167
Dodge: Dodged            |    28 |    50 |   150 |    58 ||   286
